 Dungeon Crawl Stone Soup version 0.30-a0-476-g330ca2eb8e (webtiles) character file.

Game seed: 3534206315780284076

559 xzight the Firebug (level 7, 0/40 HPs)
             Began as a Deep Elf Fire Elementalist on Dec 22, 2022.
             Killed from afar by an acid dragon (24 damage)
             ... with a splash of acid
             ... on level 6 of the Dungeon.
             The game lasted 00:12:39 (5198 turns).

xzight the Firebug (Deep Elf Fire Elementalist)     Turns: 5198, Time: 00:12:40

Health: 0/40       AC: -1    Str:  5    XL:     7   Next: 9%
Magic:  12/16      EV: 17    Int: 22    God:
Gold:   339        SH:  0    Dex: 15    Spells: 8/15 levels left

rFire   . . .      SeeInvis .    l - +1 dagger
rCold   . . .      Faith    .    (no shield)
rNeg    . . .      Spirit   .    a - +0 robe
rPois   .          Reflect  .    (no helmet)
rElec   .          Harm     .    r - +0 cloak
rCorr   .          Rampage  .    (no gloves)
Will    .....                    (no boots)
Stlth   ++........               w - amulet of regeneration
HPRegen 1.06/turn                Z - ring of wizardry
MPRegen 0.15/turn                E - +4 ring of evasion

@: corroded
A: mutation resistance 1
a: no special abilities


You were on level 6 of the Dungeon.
You visited 2 branches of the dungeon, and saw 7 of its levels.

You collected 339 gold pieces.


Innate Abilities, Weirdness & Mutations

You are somewhat resistant to further mutation.


   Skills:
 + Level 2.1 Fighting
 + Level 4.3 Dodging
 - Level 2.4 Stealth
 + Level 4.9 Spellcasting
 + Level 3.4 Conjurations
 * Level 5.9 Fire Magic


You had 8 spell levels left.
You knew the following spells:

 Your Spells              Type           Power      Damage    Failure   Level
a - Foxfire               Conj/Fire      100%       2x1d9     1%          1
b - Scorch                Fire           62%        2d8       1%          2
c - Flame Wave            Conj/Fire      26%        2d8       6%          4

Your spell library contained the following spells:

 Spells                   Type           Power      Damage    Failure   Level
 Inner Flame              Hex/Fire       18%        N/A       3%          3
 Sublimation of Blood     Necr           5%         N/A       6%          2
 Kindle Blastsparks       Fire/Tloc/Air  28%        2d12      6%          3
 Gell's Gravitas          Tloc           5%         N/A       12%         3
 Lesser Beckoning         Tloc           10%        N/A       12%         3
 Portal Projectile        Hex/Tloc       10%        N/A       12%         3
 Teleport Other           Tloc           5%         N/A       12%         3
 Tukima's Dance           Hex            5%         N/A       12%         3
 Petrify                  Tmut/Erth      5%         N/A       38%         4
 Irradiate                Conj/Tmut      6%         3d13      45%         5
 Blade Hands              Tmut           2%         N/A       71%         5

Inventory:

Hand Weapons
 l - a +1 dagger (weapon)
Armour
 a - a +0 robe (worn)
 g - a +0 helmet
 r - a +0 cloak (worn)
Jewellery
 w - an amulet of regeneration (around neck)
 E - a +4 ring of evasion (right hand)
 Z - a ring of wizardry (left hand)
Scrolls
 c - a scroll of blinking
 e - 2 scrolls of fog
 j - 3 scrolls of teleportation {unknown}
 m - a scroll of enchant armour {unknown}
 n - a scroll of butterflies
 p - 3 scrolls of noise {unknown}
 q - a scroll of amnesia {unknown}
 s - a scroll of enchant weapon
 u - 2 scrolls of torment {unknown}
 v - 2 scrolls of poison
 x - a scroll of fear {unknown}
Potions
 b - 3 potions of magic
 d - a potion of heal wounds {@q2}
 f - a potion of flight {unknown}
 h - 2 potions of brilliance
 i - a potion of lignification
 k - 2 potions of might
 o - a potion of cancellation
 t - 2 potions of haste {@q3}
 z - a potion of ambrosia {unknown}

Dungeon Overview and Level Annotations

Branches:
Dungeon (6/15)             Temple (1/1) D:4

Altars:
Cheibriados
Elyvilon
Gozag
Kikubaaqudgha
Okawaru
Qazlal
Sif Muna
Trog
Uskayaw
Xom
Zin

Annotations:
D:4 3 runed translucent doors, Taurus's ghost, amateur MiFi
D:5 exclusions: door and water moccasin

#........##........
##..................
......##..#......... ###
....####...#......###..#
.#...#..#........##....#
#................#.....#
##......##..#...........
#..........#..†<.......
####...#........@.....l.
.......#.....>...#......
.....#...........##.....
.....#........#...###...
##.#.........##.....###.
####................#
###......##D........
###..)............
#...#.............


You could see an acid dragon (catching breath) and an iguana.


Message History

The acid corrodes you!
You hear a shout!
The foxfire hits the acid dragon.
The acid dragon is moderately wounded.
The foxfire hits the acid dragon.
The acid dragon is heavily wounded.
Blink to where?
Press: ? - help, Dir - move target An iguana comes into view.
Found an escape hatch in the floor.
As you read the scroll of blinking, it crumbles to dust.
The iguana hisses angrily.
You hit the iguana but do no damage. The iguana closely misses you.
Casting: Foxfire (safe; 1% risk of failure)
Confirm with . or Enter, or press ? or * to list all spells.
Flames lash the iguana.
The iguana is heavily wounded.
The iguana's fire resistance burns away.
The iguana barely misses you. The iguana misses you.
An iguana comes into view.
Casting: Scorch (safe; 1% risk of failure)
Confirm with . or Enter, or press ? or * to list all spells.
Flames lash the iguana.
The iguana is burned terribly!
You kill the iguana!
The iguana hisses angrily.
The acid dragon spits acid at you. The splash of acid hits you!!
Ouch! That really hurt!
You die...

Skill      XL: |  1  2  3  4  5  6 |
---------------+-------------------+-----
Dodging        | 3 4 |  4.3
Fire Magic     | 4 5 |  5.9
Conjurations   | 2 3 |  3.4
Fighting       | 1 2 |  2.1
Spellcasting   | 4 |  4.9
Stealth        | |  2.4

Action                   |  1- 3 |  4- 6 |  7- 9 || total
-------------------------+-------+-------+-------++-------
Melee: Dagger            |       |     1 |     1 ||     2
 Cast: Foxfire           |    75 |    57 |     2 ||   134
       Scorch            |     2 |    46 |     4 ||    52
  Use: Scroll            |     1 |    10 |     1 ||    12
       Potion            |       |     2 |       ||     2
Armor: Robe              |     2 |     7 |       ||     9
Dodge: Dodged            |    12 |    51 |     5 ||    68

Levels and vault maps discovered:
D:1:      sevenhm_arrival_forest_fort_small_6, layout_loops_corners,
          minmay_distorted
D:2:      layout_basic
D:3:      layout_basic, nicolae_overflow_hidden_temple, uniq_robin
D:4:      layout_cave_pools, trog_book, minmay_temple_entry_junction_2,
          gammafunk_ghost_icy, minivault_24, corexii_corridor_pit
D:5:      layout_basic, chei_slow_surprise, item_on_display_b
D:6:      kennysheep_spiral_hall, layout_cave_pools,
          grunt_temple_overflow_octagram, uniq_menkaure, uniq_duvessa,
          uniq_grinder
Temple:   nicolae_temple_two_arcs

Notes
Turn   | Place    | Note
-------+----------+-------------------------------------------
     0 | D:1      | xzight the Deep Elf Fire Elementalist began the quest for
                  | the Orb.
     0 | D:1      | Reached XP level 1. HP: 10/10 MP: 6/6
   198 | D:1      | Reached XP level 2. HP: 15/15 MP: 5/8
   582 | D:1      | Learned a level 2 spell: Scorch
   843 | D:1      | Reached XP level 3. HP: 20/20 MP: 5/9
  1191 | D:1      | Reached skill level 3 in Dodging
  1410 | D:1      | Reached skill level 4 in Fire Magic
  1889 | D:2      | Reached XP level 4. HP: 24/24 MP: 8/11
  2087 | D:2      | Learned a level 4 spell: Flame Wave
  2331 | D:3      | Reached skill level 2 in Conjurations
  2335 | D:3      | Reached skill level 1 in Fighting
  2531 | D:3      | HP: 1/25 [orc wizard/magic dart (7)]
  2532 | D:3      | Gained mutation: Your mind is acute. (Int +4, Str/Dex -1)
                  | [potion of mutation]
  2532 | D:3      | Lost mutation: Your mind is acute. (Int +4, Str/Dex -1)
                  | [potion of mutation]
  2532 | D:3      | Gained mutation: You are somewhat resistant to further
                  | mutation. [potion of mutation]
  2640 | D:3      | Reached XP level 5. HP: 29/29 MP: 3/12
  2721 | D:3      | Reached skill level 4 in Spellcasting
  2855 | D:3      | Found an ancient bone altar of Kikubaaqudgha.
  2963 | D:3      | Noticed Robin
  2966 | D:3      | Killed Robin
  3303 | D:4      | Found a staircase to the Ecumenical Temple.
  3320 | Temple   | Entered the Ecumenical Temple
  3589 | D:4      | Noticed an ice beast
  3593 | D:4      | Noticed Taurus's ghost (amateur MiFi)
  3705 | D:4      | Found a bloodstained altar of Trog.
  3743 | D:4      | Found a runed translucent gate.
  3743 | D:4      | Found a runed translucent gate.
  3743 | D:4      | Found a runed translucent gate.
  3918 | D:5      | Entered Level 5 of the Dungeon
  4038 | D:5      | Reached skill level 5 in Fire Magic
  4131 | D:5      | Reached XP level 6. HP: 25/34 MP: 6/14
  4394 | D:5      | Reached skill level 3 in Conjurations
  4557 | D:5      | Reached skill level 4 in Dodging
  4573 | D:5      | Reached skill level 2 in Fighting
  4735 | D:5      | Noticed a water moccasin
  4850 | D:5      | Reached XP level 7. HP: 26/40 MP: 4/16
  5023 | D:5      | Found a snail-covered altar of Cheibriados.
  5198 | D:6      | Killed from afar by an acid dragon

Vanquished Creatures
  3 scorpions (D:5)
  A jelly (D:5)
  A hound (D:5)
  An iguana (D:6)
  4 orc wizards
  Robin (D:3)
  7 adders
  2 worms (D:3)
  2 dart slugs
  10 orcs
  5 ball pythons
  3 bats
  5 endoplasms
  A giant cockroach (D:2)
  14 goblins
  14 hobgoblins
  12 jackals
  2 quokkas
  6 frilled lizards
  4 kobolds
  3 rats
101 creatures vanquished.

Vanquished Creatures (others)
  204 foxfires
204 creatures vanquished.

Grand Total: 305 creatures vanquished

Table legend: (Time is in decaauts)
 A = Elapsed time spent in this place.
 B = Non-inter-level travel time spent in this place.
 C = Inter-level travel time spent in this place.
 D = Time resting spent in this place.
 E = Time spent auto-exploring this place.
 F = Levels seen in this place.
 G = Mean time per level.
                   A        B        C        D        E       F      G
               +--------+--------+--------+--------+--------+-----+--------+
         Total |   5197 |   5035 |    162 |    950 |   3310 |   7 |  742.4 |
       Dungeon |   5074 |   4917 |    157 |    950 |   3204 |   6 |  845.7 |
        Temple |    122 |    117 |      5 |      0 |    106 |   1 |  122.0 |
               +--------+--------+--------+--------+--------+-----+--------+

Top non-repeatable levels by time:
     D:1: 1462 daAuts
     D:5: 1201 daAuts
     D:3: 988 daAuts
     D:2: 831 daAuts
     D:4: 513 daAuts
  Temple: 122 daAuts
     D:6: 77 daAuts

Table legend:
 A = Non-vault XP
 B = Vault XP
 C = Vault XP percentage of total XP
 D = Non-vault monster count
 E = Vault monster count
 F = Vault count percentage of total count
                 A         B        C        D         E       F
            +---------+---------+-------+---------+---------+-------
      Total |     761 |      38 |   4.8 |      87 |      14 |  13.9
            +---------+---------+-------+---------+---------+-------
        D:1 |      61 |       2 |   3.2 |      33 |       2 |   5.7
        D:2 |      52 |       2 |   3.7 |      11 |       1 |   8.3
        D:3 |     102 |      34 |  25.0 |      15 |      11 |  42.3
        D:4 |      12 |       0 |   0.0 |       6 |       0 |   0.0
        D:5 |     498 |       0 |   0.0 |      21 |       0 |   0.0
        D:6 |      36 |       0 |   0.0 |       1 |       0 |   0.0
            +---------+---------+-------+---------+---------+-------
